 Dungeon Crawl Stone Soup version 0.28.0-53-g5a82cb258f (webtiles) character file.

Game seed: 14512341588418499776

52 Ashen the Chiller (level 3, -11/26 HPs)
             Began as a Demonspawn Ice Elementalist on July 24, 2022.
             Mangled by Crazy Yiuf
             ... wielding a +4 quarterstaff of chaos
              (12 damage)
             ... on level 2 of the Dungeon.
             The game lasted 00:04:15 (2118 turns).

Ashen the Chiller (Demonspawn Ice Elementalist)     Turns: 2118, Time: 00:04:16

Health: -11/26     AC:  3    Str:  8    XL:     3   Next: 60%
Magic:  0/6        EV: 12    Int: 18    God:
Gold:   49         SH:  0    Dex: 13    Spells: 2/6 levels left

rFire   . . .      SeeInvis .   m - +0 lajatang
rCold   . . .      Faith    .   (shield currently unavailable)
rNeg    . . .      Spirit   .   a - +0 robe
rPois   .          Reflect  .   (helmet restricted)
rElec   .          Harm     .   (no cloak)
rCorr   .          Rampage  .   h - +0 pair of gloves
Will    .....                   (no boots)
Stlth   ++........              (no amulet)
HPRegen 0.08/turn               (no ring)
MPRegen 0.10/turn               (no ring)

@: freezing walls
A: horns 1
a: no special abilities


You were on level 2 of the Dungeon.
You visited 1 branch of the dungeon, and saw 2 of its levels.

You collected 49 gold pieces.

Inventory:

Hand Weapons
 m - a +0 lajatang (weapon)
Armour
 a - a +0 robe (worn)
 h - a +0 pair of gloves (worn)
Magical Staves
 i - a staff of cold
 k - a staff of earth
Scrolls
 e - 2 scrolls of identify {unknown}
 f - a scroll of vulnerability {unknown}
Potions
 b - a potion of heal wounds {unknown}
 c - a potion of lignification {unknown}
 d - a potion of mutation {unknown}
 g - a potion of attraction {unknown}
 j - 3 potions of curing {unknown}
 l - a potion of haste {unknown}


   Skills:
 + Level 1.2 Fighting
 + Level 2.2 Dodging
 + Level 2.3 Stealth
 + Level 2.3 Spellcasting
 + Level 3.9 Ice Magic


You had 2 spell levels left.
You knew the following spells:

 Your Spells              Type           Power      Damage    Failure   Level
a - Freeze                Ice            64%        1d8       3%          1
b - Frozen Ramparts       Ice            32%        1d5       11%         3

Your spell library contained the following spells:

 Spells                   Type           Power      Damage    Failure   Level
 Sublimation of Blood     Necr           2%         N/A       26%         2
 Wereblood                Tmut           2%         N/A       26%         2
 Ozocubu's Armour         Ice            16%        N/A       11%         3
 Hailstorm                Conj/Ice       9%         3d4       61%         4
 Summon Hydra             Summ           1%         N/A       100%        7


Dungeon Overview and Level Annotations

Branches:
Dungeon (2/15)

Altars:
Qazlal

Shops:
D:1 [

Annotations:
D:2 Crazy Yiuf, Sigmund, Terence


Innate Abilities, Weirdness & Mutations

You have a pair of small horns on your head.


Message History

Press: ? - help, Dir - look around, f - activate The walls around you are covered in ice.
Crazy Yiuf cries, "Fire snail tortoise!"
You open the door.
The wall freezes Crazy Yiuf.
Crazy Yiuf sings, "Trees, trees, trees, circus!"
Casting: Frozen Ramparts (quite dangerous; 11% risk of failure)
Confirm with . or Enter, or press ? or * to list all spells.
Aiming: Freeze (safe; 3% risk of failure)
Press: ? - help, Shift-Dir - straight line, f - Crazy Yiuf
Aim: Crazy Yiuf, wielding a +4 quarterstaff of chaos and wearing a +0 cloak (lightly wounded)
You freeze Crazy Yiuf.
Crazy Yiuf is moderately wounded.
The wall freezes Crazy Yiuf.
Crazy Yiuf hits you with a +4 quarterstaff of chaos!
Ouch! That really hurt!
Crazy Yiuf freezes you.
* * * LOW HITPOINT WARNING * * *
Casting: Freeze (safe; 3% risk of failure)
Confirm with . or Enter, or press ? or * to list all spells.
Aiming: Freeze (safe; 3% risk of failure)
Press: ? - help, Shift-Dir - straight line, f/p - Crazy Yiuf
Aim: Crazy Yiuf, wielding a +4 quarterstaff of chaos and wearing a +0 cloak (moderately wounded)
You freeze Crazy Yiuf.
Crazy Yiuf is heavily wounded.
The wall freezes Crazy Yiuf.
Crazy Yiuf says, "Castle meccalolo wrapper!"
Crazy Yiuf hits you with a +4 quarterstaff of chaos.
* * * LOW HITPOINT WARNING * * *
Crazy Yiuf burns you.
* * * LOW HITPOINT WARNING * * *
Casting: Freeze (safe; 3% risk of failure)
Confirm with . or Enter, or press ? or * to list all spells.
Aiming: Freeze (safe; 3% risk of failure)
Press: ? - help, Shift-Dir - straight line, f/p - Crazy Yiuf
Aim: Crazy Yiuf, wielding a +4 quarterstaff of chaos and wearing a +0 cloak (heavily wounded)
You freeze Crazy Yiuf.
Crazy Yiuf is severely wounded.
The wall freezes Crazy Yiuf.
Crazy Yiuf hits you with a +4 quarterstaff of chaos!
You die...

♣♣♣♣♣### ###
♣♣♣.♣....##
#...#♣..♣......##
#...g@♣♣♣♣......#
#)..#♣♣ ♣♣.....#
### ♣♣###.# #.#
#.# ### #.# #.#
#.# #.# #.# #.#
#.#


You could see Crazy Yiuf.

Vanquished Creatures
  An adder (D:2)
  2 dart slugs (D:1)
  7 ball pythons (D:1)
  3 bats (D:1)
  6 endoplasms (D:1)
  3 giant cockroaches (D:1)
  2 hobgoblins
  6 kobolds
  A frilled lizard (D:1)
  A goblin (D:1)
  3 rats (D:1)
35 creatures vanquished.

Vanquished Creatures (others)
  4 plants (D:1)
4 creatures vanquished.

Grand Total: 39 creatures vanquished

Notes
Turn   | Place    | Note
-------+----------+-------------------------------------------
     0 | D:1      | Ashen the Demonspawn Ice Elementalist began the quest for
                  | the Orb.
     0 | D:1      | Reached XP level 1. HP: 13/13 MP: 3/3
   264 | D:1      | Found Diukys's Antique Armour Boutique.
   332 | D:1      | Gained mutation: You have a pair of small horns on your
                  | head. [demonic ancestry]
   332 | D:1      | Reached XP level 2. HP: 20/20 MP: 1/5
  1117 | D:1      | Reached XP level 3. HP: 23/25 MP: 1/6
  1120 | D:1      | Reached skill level 1 in Fighting
  1178 | D:1      | Found a faded altar of an unknown god.
  1402 | D:1      | Learned a level 3 spell: Frozen Ramparts
  1735 | D:2      | Noticed Terence
  1824 | D:2      | Noticed Sigmund
  1876 | D:2      | Found a stormy altar of Qazlal.
  2016 | D:2      | Found a runed translucent door.
  2017 | D:2      | Noticed Crazy Yiuf
  2117 | D:2      | HP: 1/26 [Crazy Yiuf/+4 quarterstaff of chaos (2)]
  2118 | D:2      | Mangled by Crazy Yiuf

Illustrated notes

Levels and vault maps discovered:
D:1:      wander_arrival_estate, layout_basic,
          nicolae_ecumenical_snake_handling, serial_shops,
          nicolae_shop_hallway_plus, serial_bayou_lagoon_b
D:2:      layout_loops_ring, basic_altar, uniq_terence, uniq_crazy_yiuf_cottage,
          uniq_sigmund

Skill      XL: |  1  2  3 |
---------------+----------+-----
Stealth        | 2 |  2.3
Dodging        | 2 |  2.2
Fighting       | 1 |  1.2
Spellcasting   | |  2.3
Ice Magic      | |  3.9

Action                   || total
-------------------------++-------
Melee: Unarmed           ||    47
       Headbutt          ||     6
       Staff             ||     5
 Cast: Freeze            ||    49
       Frozen Ramparts   ||     1
 Stab: Sleeping          ||     2
Armor: Robe              ||    14
Dodge: Dodged            ||    57
